 Dungeon Crawl Stone Soup version 0.29-a0-490-g77b3608bb8 (webtiles) character file.

Game seed: 7563834275587182216

319 happo123 the Sneak (level 6, -7/35 HPs)
             Began as a Kobold Enchanter on May 26, 2022.
             Killed by divine providence
             ... invoked by an orc priest
              (12 damage)
             ... on level 4 of the Dungeon on May 27, 2022.
             The game lasted 00:12:51 (3838 turns).

happo123 the Sneak (Kobold Enchanter)               Turns: 3838, Time: 00:12:51

Health: -7/35      AC:  4    Str:  5    XL:     6   Next: 75%
Magic:  10/10      EV: 16    Int: 19    God:
Gold:   134        SH:  0    Dex: 15    Spells: 3/11 levels left

rFire   . . .      SeeInvis .   q - +4 dagger (holy)
rCold   . . .      Faith    .   (no shield)
rNeg    . . .      Spirit   .   b - +0 robe
rPois   .          Reflect  .   v - +0 helmet
rElec   .          Harm     .   (no cloak)
rCorr   +          Rampage  .   k - +0 pair of gloves
Will    .....                   (no boots)
Stlth   ++++......              i - amulet of regeneration
HPRegen 0.91/turn               w - ring of resist corrosion
MPRegen 0.12/turn               (no ring)

@: no status effects
A: small, no large weapons, nightstalker 3
a: no special abilities


You were on level 4 of the Dungeon.
You visited 1 branch of the dungeon, and saw 4 of its levels.

You collected 134 gold pieces.

Inventory:

Hand Weapons
 a - a +1 dagger
 q - a +4 dagger of holy wrath (weapon)
 y - a +1 short sword of speed
Armour
 b - a +0 robe (worn)
 d - a +0 buckler
 j - a +0 leather armour
 k - a +0 pair of gloves (worn)
 v - a +0 helmet (worn)
Jewellery
 i - an amulet of regeneration (around neck)
 w - a ring of resist corrosion (left hand)
Wands
 u - a wand of flame (5)
 x - a wand of acid (7)
Scrolls
 f - a scroll of summoning {unknown}
 g - a scroll of identify {unknown}
 h - 2 scrolls of fear {unknown}
 l - 2 scrolls of teleportation {unknown}
 o - 2 scrolls of enchant weapon {unknown}
 r - a scroll of vulnerability {unknown}
 s - a scroll of brand weapon {unknown}
 t - a scroll of noise {unknown}
Potions
 c - 2 potions of invisibility
 e - a potion of lignification {unknown}
 m - a potion of degeneration {unknown}
 n - a potion of berserk rage {unknown}
 p - 2 potions of ambrosia {unknown}


   Skills:
 + Level 2.2 Fighting
 + Level 3.5 Short Blades
 + Level 3.9 Dodging
 + Level 5.2 Stealth
 - Level 3.1 Spellcasting
 * Level 4.3 Hexes


You had 3 spell levels left.
You knew the following spells:

 Your Spells              Type           Power      Damage    Failure   Level
a - Ensorcelled Hibernat  Hex/Ice        22%        N/A       10%         2
b - Tukima's Dance        Hex            19%        N/A       8%          3
c - Confusing Touch       Hex            19%        N/A       8%          3

Your spell library contained the following spells:

 Spells                   Type           Power      Damage    Failure   Level
 Magic Dart               Conj           12%        1d3       16%         1
 Shock                    Conj/Air       12%        1d3       16%         1
 Dazzling Flash           Conj/Hex       22%        N/A       19%         3
 Searing Ray              Conj           6%         2d4       22%         2
 Sublimation of Blood     Necr           3%         N/A       22%         2
 Swiftness                Air            3%         N/A       41%         3
 Fulminant Prism          Conj/Hex       5%         3d7       52%         4
 Airstrike                Air            1%         N/A       83%         4
 Petrify                  Tmut/Erth      3%         N/A       83%         4
 Irradiate                Conj/Tmut      1%         3d13      99%         5


Dungeon Overview and Level Annotations

Branches:
Dungeon (4/15)
 Temple: D:4-7

Altars:


Innate Abilities, Weirdness & Mutations

You are small and have problems with some larger weapons.
You are completely attuned to the shadows.


Message History

You hear the brisk rusting of a drain nearby.
You enter the shallow water.
Moving in this stuff is going to be slow.
An orc comes into view. It is wielding a +0 club.
An orc warrior comes into view. It is wielding a +0 long sword.
Found a stone staircase leading up.
An orc priest and a ball python come into view.
An adder and an orc come into view.
The helpless orc fails to defend itself.
You impale the orc!!
You kill the orc!
You hear a splash. x2
The helpless orc warrior fails to defend itself.
You impale the orc warrior!!
The orc warrior is almost dead.
The orc priest shouts!
The adder hisses angrily.
The orc shouts!
The orc warrior hits you with a +0 long sword!
You hear an angry hiss.
You hit the orc warrior but do no damage.
The orc warrior is almost dead.
You hit the orc warrior.
The orc warrior is almost dead.
The orc warrior hits you with a +0 long sword!!
Ouch! That really hurt!
* * * LOW HITPOINT WARNING * * *
The orc priest completely misses you.
The ball python hisses angrily.
You hit the orc warrior.
The orc warrior is almost dead.
The orc warrior closely misses you.
The orc priest mumbles some strange prayers to Beogh against you.
Pain shoots through your body!
* * * LOW HITPOINT WARNING * * *
The orc barely misses you.
An adder comes into view.
The adder bites you.
* * * LOW HITPOINT WARNING * * *
The orc priest mumbles some strange prayers to Beogh against you.
Beogh smites you!
You die...

.. ......
#.S..########
##...........###
+.......♣≈♣#...###
#..oo@.♣♣♣♣♣##...##
#....SP♣ ♣##..#
#..o)♣♣≈P≈ ##.#
#..S♣♣ ≈≈≈ #.# #...
≈PP≈P≈≈ #.# #..≈
≈≈♣≈♣ #.# ≈≈♣≈≈≈
#.# ≈≈≈PP♣♣#.#
≈≈≈♣P≈♣♣.#


You could see an orc warrior, an orc priest, 2 adders, an orc and a ball python.

Vanquished Creatures
  Jessica (D:3)
  Natasha (thrice) (D:3)
  Robin (D:3)
  8 adders
  4 gnolls
  A worm (D:2)
  4 dart slugs
  3 orcs
  6 endoplasms
  A giant cockroach (D:1)
  16 goblins
  9 hobgoblins
  A quokka (D:3)
  3 ball pythons
  5 bats
  4 frilled lizards
  16 kobolds
  6 rats
92 creatures vanquished.

Notes
Turn   | Place    | Note
-------+----------+-------------------------------------------
     0 | D:1      | happo123 the Kobold Enchanter began the quest for the Orb.
     0 | D:1      | Reached XP level 1. HP: 10/10 MP: 3/3
   141 | D:1      | Reached XP level 2. HP: 15/15 MP: 5/5
   150 | D:1      | Learned a level 2 spell: Ensorcelled Hibernation
   685 | D:1      | Reached XP level 3. HP: 14/19 MP: 6/6
  1586 | D:2      | Reached XP level 4. HP: 24/24 MP: 8/8
  1590 | D:2      | Learned a level 3 spell: Tukima's Dance
  1666 | D:2      | Reached skill level 1 in Fighting
  2356 | D:2      | Reached XP level 5. HP: 29/29 MP: 9/9
  2571 | D:3      | Noticed Natasha
  2676 | D:3      | Killed Natasha
  2891 | D:3      | Found a faded altar of an unknown god.
  2983 | D:3      | Reached XP level 6. HP: 35/35 MP: 5/10
  3141 | D:3      | Noticed Robin
  3145 | D:3      | Killed Robin
  3146 | D:3      | Reached skill level 5 in Stealth
  3266 | D:3      | Noticed Natasha
  3270 | D:3      | Killed Natasha
  3353 | D:3      | Noticed Natasha
  3362 | D:3      | Killed Natasha
  3508 | D:3      | Noticed Jessica
  3512 | D:3      | Killed Jessica
  3568 | D:3      | Learned a level 3 spell: Confusing Touch
  3829 | D:4      | Noticed an orc warrior
  3838 | D:4      | Killed from afar by an orc priest

Illustrated notes

Levels and vault maps discovered:
D:1:      minmay_arrival_checkered_box, layout_loops_corners
D:2:      layout_loops_corners
D:3:      layout_basic, shapermc_ecumenical_altar_pompeii, uniq_jessica,
          uniq_robin, uniq_natasha
D:4:      layout_gridville, minmay_temple_entry_mini_moons,
          portal_sewer_entry_e, serial_bayou_lake_a

Skill      XL: |  1  2  3  4  5  6 |
---------------+-------------------+-----
Short Blades   | 2 3 |  3.5
Dodging        | 3 |  3.9
Fighting       | 1 2 |  2.2
Spellcasting   | 3 |  3.1
Stealth        | 5 |  5.2
Hexes          | 4 |  4.3

Action                   |  1- 3 |  4- 6 || total
-------------------------+-------+-------++-------
Melee: Dagger            |    39 |   129 ||   168
       Punch             |     1 |     3 ||     4
 Cast: Ensorcelled Hiber |    13 |    33 ||    46
 Stab: Sleeping          |    24 |    42 ||    66
       Distracted        |       |     1 ||     1
Armor: Robe              |     2 |    14 ||    16
Dodge: Dodged            |     4 |    83 ||    87

Table legend: (Time is in decaauts)
 A = Elapsed time spent in this place.
 B = Non-inter-level travel time spent in this place.
 C = Inter-level travel time spent in this place.
 D = Time resting spent in this place.
 E = Time spent auto-exploring this place.
 F = Levels seen in this place.
 G = Mean time per level.
                   A        B        C        D        E       F      G
               +--------+--------+--------+--------+--------+-----+--------+
         Total |   3838 |   3446 |    392 |    234 |   2513 |   4 |  959.5 |
       Dungeon |   3838 |   3446 |    392 |    234 |   2513 |   4 |  959.5 |
               +--------+--------+--------+--------+--------+-----+--------+

Top non-repeatable levels by time:
     D:1: 1390 daAuts
     D:2: 1210 daAuts
     D:3: 966 daAuts
     D:4: 271 daAuts
